 Dungeon Sprint DCSS version 0.17-a0-1210-g1e4f09d (webtiles) character file.

1767 Kidiri the Covert (level 8, 0/47 HPs)
             Began as a Spriggan Assassin on June 3, 2015.
             Was a Follower of Dithmenos.
             Shot with an arrow by a centaur warrior (18 damage)
             ... in the Dungeon (Sprint I: "Red Sonja").
             The game lasted 00:06:35 (790 turns).

Kidiri the Covert (Spriggan Assassin)                Turns: 790, Time: 00:06:37

Health: 0/47       AC:  3    Str:  7    XL:     8   Next: 80%
Magic:  9/9        EV: 30    Int: 12    God:    Dithmenos [*.....]
Gold:   649        SH:  0    Dex: 20    Spells: 0 memorised, 7 levels left

rFire  . . .     SeeInvis +     a - +2 dagger
rCold  . . .     Clarity  .     c - +0 robe
rNeg   . . .     SustAt   .     (shield restricted)
rPois  .         Gourm    .     (helmet restricted)
rElec  .         Spirit   .     d - +0 cloak
rCorr  .         Warding  .     (gloves unavailable)
rMut   .         NoTele   +     (boots unavailable)
MR     +....                    (no amulet)
Stlth  ++++......               (no ring)
                                (no ring)

@: wreathed by umbra, very quick, somewhat resistant to hostile enchantments,
stealthy
A: unfitting armour, see invisible, herbivore 3, speed 3, slow metabolism 2
a: Renounce Religion


You were in the Dungeon.
You worshipped Dithmenos.
Dithmenos was aware of your devotion.
You were not hungry.

You visited 1 branch You collected 649 gold pieces.

Inventory:

Hand weapons
 a - a +2 dagger (weapon)
 b - a +0 blowgun
Missiles
 e - 9 curare-tipped needles
 f - 6 poisoned needles
Armour
 c - a +0 robe (worn)
 d - a +0 cloak (worn)
Scrolls
 m - a scroll of blinking
 n - 2 scrolls of remove curse {unknown}
Potions
 i - a potion of heal wounds
 j - a potion of haste
 k - 2 potions of magic
 l - a potion of berserk rage
Comestibles
 g - a bread ration


   Skills:
 * Level 7.6 Fighting
 * Level 9.7 Short Blades
 * Level 10.0 Throwing
 * Level 12.3 Dodging
 * Level 14.2 Stealth


You had 7 spell levels left.
You didn't know any spells.

Dungeon Overview and Level Annotations

Branches:
Dungeon (1/1)

Altars:
Cheibriados
Dithmenos
Elyvilon
Fedhas
Gozag
Kikubaaqudgha
Makhleb
Nemelex Xobeh
Okawaru
Qazlal
Ru
Sif Muna
Trog
Vehumet
Xom
Yredelemnul
Zin
The Shining One
Jiyva

Shops:
D [*[


Innate Abilities, Weirdness & Mutations

You are tiny and cannot use many weapons and most armour.
You have supernaturally acute eyesight.
You are a herbivore.
You cover ground extremely quickly.
You need consume almost no food.


Message History

A centaur warrior comes into view.
There is an open door here.
You enter the shallow water.
Moving in this stuff is going to be slow.
A centaur warrior comes into view.
Found a paperback book.
The centaur warrior shouts! x2
The centaur warrior wields a longbow.
The centaur warrior shoots an arrow.
The arrow hits you!! The centaur warrior hits you!
You see here an arrow.
You hit the centaur warrior but do no damage.
The centaur warrior completely misses you.
The centaur warrior shoots an arrow.
The arrow completely misses you.
You enter the shallow water.
Moving in this stuff is going to be slow.
The centaur warrior wields a longbow.
The centaur warrior shoots an arrow.
The arrow misses you.
You hear a splash.
The centaur warrior shoots an arrow.
The arrow hits you!!
You die...

####################
.#..'..#..'..#__#..+
.'..#..'[.#..'..'..#
.#####'#####'#__####
[####..#...#[####§/#
.#__####..##.#§§§§c#
.#_..__##'#..+§§§§§+
⌠#_.∩...'..._#§§@§c#
##_..._##_.#'##§####
#_____###'#)#..[)###
##########.####'###.##
^.......'...'.....'.∩#
#++++####...##########
##.## #+#


You could see 2 centaur warriors.

Vanquished Creatures
  Sonja (D)
  A deep troll (D)
  A slime creature (D)
  Sigmund (D)
  A yak (D)
  An ogre (D)
  A jelly (D)
  Ijyb (D)
8 creatures vanquished.

Notes
Turn   | Place    | Note
--------------------------------------------------------------
     0 | D        | Kidiri the Spriggan Assassin began the quest for the Orb.
     0 | D        | Reached XP level 1. HP: 10/10 MP: 2/2
     3 | D        | Noticed Ijyb
    17 | D        | Killed Ijyb
    17 | D        | Reached skill level 7 in Stealth
    17 | D        | Reached XP level 2. HP: 14/16 MP: 3/3
    61 | D        | Noticed an ogre
    84 | D        | Killed an ogre
    84 | D        | Reached skill level 5 in Throwing
    84 | D        | Reached skill level 8 in Stealth
    84 | D        | Reached XP level 3. HP: 19/21 MP: 4/4
    84 | D        | Reached XP level 4. HP: 22/25 MP: 5/5
   132 | D        | Noticed Sigmund
   143 | D        | Killed Sigmund
   143 | D        | Reached skill level 5 in Short Blades
   143 | D        | Reached skill level 10 in Stealth
   143 | D        | Reached XP level 5. HP: 28/30 MP: 6/6
   143 | D        | Reached XP level 6. HP: 32/35 MP: 7/7
   162 | D        | Found a snail-covered altar of Cheibriados.
   162 | D        | Found a viscous altar of Jiyva.
   162 | D        | Found a shadowy altar of Dithmenos.
   162 | D        | Found a blossoming altar of Fedhas.
   162 | D        | Noticed a slime creature
   165 | D        | Killed a slime creature
   165 | D        | Reached skill level 5 in Fighting
   165 | D        | Reached skill level 11 in Stealth
   168 | D        | Became a worshipper of Dithmenos the Shadowed
   173 | D        | Found a deep blue altar of Sif Muna.
   174 | D        | Noticed a jelly
   175 | D        | Found a radiant altar of Vehumet.
   198 | D        | Upgraded the game from 0.17-a0-1197-g2d00c63 to 0.17-a0-1210-g1e4f09d
   229 | D        | Killed a jelly
   533 | D        | Found Dialin's General Store.
   533 | D        | Found a white marble altar of Elyvilon.
   533 | D        | Found a stormy altar of Qazlal.
   533 | D        | Found a burning altar of Makhleb.
   533 | D        | Found a sacrificial altar of Ru.
   533 | D        | Found a basalt altar of Yredelemnul.
   533 | D        | Found a glowing golden altar of the Shining One.
   533 | D        | Found a sparkling altar of Nemelex Xobeh.
   533 | D        | Found a shimmering altar of Xom.
   533 | D        | Found an opulent altar of Gozag.
   533 | D        | Found an ancient bone altar of Kikubaaqudgha.
   533 | D        | Found a glowing silver altar of Zin.
   533 | D        | Noticed a yak
   534 | D        | Found an iron altar of Okawaru.
   535 | D        | Killed a yak
   535 | D        | Reached skill level 10 in Dodging
   535 | D        | Reached skill level 12 in Stealth
   535 | D        | Reached XP level 7. HP: 40/40 MP: 8/8
   536 | D        | Found a bloodstained altar of Trog.
   547 | D        | Noticed Sonja
   563 | D        | Killed Sonja
   563 | D        | Reached skill level 13 in Stealth
   563 | D        | Reached XP level 8. HP: 41/46 MP: 9/9
   611 | D        | Found Bipp's Armour Boutique.
   741 | D        | Noticed a deep troll
   745 | D        | Killed a deep troll
   745 | D        | Reached skill level 10 in Throwing
   745 | D        | Reached skill level 14 in Stealth
   755 | D        | Found Ymurup's Armour Emporium.
   786 | D        | Noticed a centaur warrior
   787 | D        | Noticed a centaur warrior
   790 | D        | Shot with an arrow by a centaur warrior

Vault maps used:
D:        dungeon_sprint_1

Action                   |  1- 3 |  4- 6 |  7- 9 || total
-------------------------+-------+-------+-------++-------
Melee: Dagger            |     6 |     6 |     4 ||    16
 Fire: Blowgun           |     7 |    18 |    10 ||    35
  Use: Potion            |       |       |     1 ||     1
 Stab: Sleeping          |     1 |     2 |     1 ||     4
